 Dungeon Crawl Stone Soup version 0.30-a0-469-g84de5afbc5 (webtiles) character file.

Game seed: 4114122796963758199

756 cforsyth the Cudgeller (level 7, 0/64 HPs)
             Began as an Armataur Gladiator on Dec 19, 2022.
             Was an Initiate of Okawaru.
             Slain by an orc
             ... wielding a +0 morningstar
              (9 damage)
             ... on level 5 of the Dungeon.
             The game lasted 00:07:06 (3912 turns).

cforsyth the Cudgeller (Armataur Gladiator)         Turns: 3912, Time: 00:07:06

Health: 0/64       AC:  8    Str: 19    XL:     7   Next: 50%
Magic:  0/7        EV:  9    Int: 11    God:    Okawaru [......]
Gold:   349        SH:  0    Dex: 11    Spells: 6/6 levels left

rFire   . . .      SeeInvis .    a - +0 flail
rCold   . . .      Faith    .    (no shield)
rNeg    . . .      Spirit   +    j - +0 ring mail
rPois   .          Reflect  .    c - +1 helmet
rElec   .          Harm     .    (no cloak)
rCorr   .          Roll     +    (no gloves)
Will    .....                    (no barding)
Stlth   +.........               v - amulet of guardian spirit
HPRegen 0.30/turn                (no ring)
MPRegen 0.10/turn                (no ring)

@: no status effects
A: large, rugged brown scales 3, deformed body, armoured tail, roll, long
tongue, awkward tongue
a: Renounce Religion


You were on level 5 of the Dungeon.
You worshipped Okawaru.
Okawaru was noncommittal.
You visited 1 branch of the dungeon, and saw 6 of its levels.

You collected 349 gold pieces.

Inventory:

Hand Weapons
 a - a +0 flail (weapon)
Missiles
 d - 3 throwing nets (quivered)
 e - 7 javelins
Armour
 b - a +0 leather armour
 c - a +1 helmet (worn)
 j - a +0 ring mail (worn)
Jewellery
 u - a +6 ring of intelligence
 v - an amulet of guardian spirit (around neck)
 A - a ring of protection from cold
Wands
 i - a wand of roots (6)
Scrolls
 f - a scroll of fear {unknown}
 h - 3 scrolls of magic mapping
 k - 2 scrolls of enchant armour
 m - a scroll of amnesia {unknown}
 n - 2 scrolls of poison {unknown}
 s - a scroll of teleportation {unknown}
 t - a scroll of vulnerability {unknown}
 x - a scroll of butterflies {unknown}
 y - a scroll of fog {unknown}
Potions
 g - 2 potions of cancellation
 l - a potion of degeneration {unknown}
 o - 3 potions of lignification
 p - a potion of brilliance
 q - a potion of attraction
 r - 5 potions of mutation
 w - a potion of flight {unknown}
 z - a potion of heal wounds {unknown}
 B - a potion of resistance {unknown}


   Skills:
 + Level 4.6 Fighting
 + Level 5.0 Maces & Flails
 - Level 2.3 Throwing
 + Level 5.0 Armour
 - Level 2.4 Dodging


You had 6 spell levels left.
You didn't know any spells.
Your spell library contained the following spells:

 Spells                   Type           Power      Damage    Failure   Level
 Apportation              Tloc           0%         N/A       52%         1
 Freeze                   Ice            0%         1d3       52%         1
 Necrotise                Necr           0%         1d4       52%         1
 Shock                    Conj/Air       0%         1d3       52%         1
 Ensorcelled Hibernation  Hex/Ice        0%         N/A       65%         2
 Sublimation of Blood     Necr           0%         N/A       65%         2
 Frozen Ramparts          Ice            0%         1d1       87%         3
 Hailstorm                Conj/Ice       0%         3d3       87%         3
 Spider Form              Tmut/Pois      0%         N/A       87%         3
 Swiftness                Air            0%         N/A       87%         3
 Airstrike                Air            0%         2d(0-16)  99%         4
 Anguish                  Hex/Necr       0%         N/A       99%         4
 Petrify                  Tmut/Erth      0%         N/A       99%         4
 Irradiate                Conj/Tmut      0%         3d11      100%        5
 Enfeeble                 Hex            0%         N/A       100%        7
 Summon Small Mammal      Summ           Unusable   N/A       N/A         1

Dungeon Overview and Level Annotations

Branches:
Dungeon (6/15)
 Temple: D:4-7

Altars:
Ashenzari
Gozag
Okawaru
Wu Jian
Yredelemnul

Shops:
D:1 :   D:4 ([*


Innate Abilities, Weirdness & Mutations

You are completely covered in rugged brown scales. (AC +3, +7% HP)
Armour fits poorly on your strangely shaped body.
You have a long armoured tail.
You roll when moving toward enemies. (Rampage)
Your long tongue fully drains potion bottles. (2x potion effects)
Your tongue gives you trouble enunciating. (1.5x scroll delay)


Message History

The gnoll closely misses you.
You closely miss the gnoll.
The gnoll is moderately wounded.
The orc hits you but does no damage. The gnoll hits you with a +0 club.
The gnoll sergeant hits you from afar with a +1 trident of pain!
You writhe in agony.
You sock the gnoll!
You kill the gnoll!
Okawaru accepts your kill. The orc hits you but does no damage.
The gnoll sergeant hits you but does no damage.
The sky beast hits you but does no damage.
The orc barely misses you. The orc hits you with a +0 morningstar!
* * * LOW HITPOINT WARNING * * *
The gnoll sergeant barely misses you. The orc attacks as you move away!
The orc barely misses you. The orc attacks as you move away!
The orc hits you with a +0 morningstar!
* * * LOW HITPOINT WARNING * * *
The orc attacks as you move away! The orc closely misses you.
The orc attacks as you move away! The orc hits you with a +0 morningstar.
* * * LOW HITPOINT WARNING * * *
Found a thin runed staff.
The sky beast flickers out of sight!
Deactivating autopickup; reactivate with Ctrl-A.
A sky beast appears from thin air!
Reactivating autopickup.
There is a stone staircase leading up here.
The orc hits you with a +0 morningstar.
* * * LOW HITPOINT WARNING * * *
The sky beast flickers out of sight!
Deactivating autopickup; reactivate with Ctrl-A.
You climb upwards.
Reactivating autopickup.
There is a stone staircase leading down, spattered with blood here.
You closely miss the orc. The orc hits you with a +0 morningstar.
* * * LOW HITPOINT WARNING * * *
You closely miss the orc. The orc hits you but does no damage.
You closely miss the orc. The orc hits you with a +0 morningstar!
You die...

####.##....#......##.####....##..
...#.###.#...[....##.##.....#⌠.##
##.#.......)..######.##.....#....
.#.#####.##<#).#####....(#####...
.#...# #.#####..##.....#.#...#...
.###.###...))).........#.#...'...
.###.....######.#..#...#.#...#...
.........# #o..##.).#.#####...
####.....# #.@÷.....#....#....
#.....# ########.###..#⌠...
#.....# #.# ##.###.. #.....#
#.####....#. #.....# #...........
#.....# #######.#.#. #.....#
#..... #.....# ###### ####.....#


You could see an orc.

Vanquished Creatures
  A centaur (D:5)
  Blork the orc (D:5)
  A necrophage (D:4)
  3 scorpions
  2 hounds
  An iguana (D:5)
  An orc wizard (D:4)
  10 gnolls
  6 adders
  An ufetubus (D:5)
  2 worms
  6 orcs
  4 ball pythons
  4 bats
  6 endoplasms
  7 giant cockroaches
  9 goblins
  10 hobgoblins
  4 jackals (D:1)
  2 quokkas
  5 frilled lizards
  13 kobolds
  4 rats
103 creatures vanquished.

Notes
Turn   | Place    | Note
-------+----------+-------------------------------------------
     0 | D:1      | cforsyth the Armataur Gladiator began the quest for the
                  | Orb.
     0 | D:1      | Reached XP level 1. HP: 18/18 MP: 1/1
    82 | D:1      | Reached XP level 2. HP: 22/25 MP: 2/2
   158 | D:1      | Found Noiwn's Book Boutique.
   292 | D:1      | Found a faded altar of an unknown god.
   499 | D:1      | Reached XP level 3. HP: 31/31 MP: 3/3
   931 | D:2      | Reached skill level 1 in Armour
   949 | D:2      | Reached XP level 4. HP: 39/39 MP: 4/4
  1548 | D:3      | You fall into a shaft and drop 1 floor!
  1548 | D:4      | Found a basalt altar of Yredelemnul.
  1553 | D:4      | Noticed a scorpion
  1566 | D:4      | Killed a scorpion
  1567 | D:4      | Reached XP level 5. HP: 24/48 MP: 5/5
  1721 | D:4      | Reached XP level 6. HP: 9/54 MP: 6/6
  2086 | D:4      | Found Anoujaxte's General Store.
  2188 | D:4      | Identified the +0 leather armour of Esown {+Inv Str+2}
  2498 | D:4      | Found an opulent altar of Gozag.
  2506 | D:4      | Found Xuwa's Antique Weapon Shoppe.
  2521 | D:4      | Found Lucoemn's Antique Armour Shop.
  2606 | D:5      | Entered Level 5 of the Dungeon
  2615 | D:5      | Noticed Blork the orc
  2626 | D:5      | Killed Blork the orc
  2627 | D:5      | Reached XP level 7. HP: 15/63 MP: 1/7
  3234 | D:5      | Found a broken altar of Ashenzari.
  3618 | D:5      | Reached skill level 5 in Maces & Flails
  3651 | D:5      | Reached skill level 5 in Armour
  3834 | D:6      | Found an ornate altar of the Wu Jian Council.
  3840 | D:6      | Found an iron altar of Okawaru.
  3852 | D:6      | Became a worshipper of Warmaster Okawaru
  3912 | D:5      | Slain by an orc

Illustrated notes

Levels and vault maps discovered:
D:1:      ncdulo_lavacross, layout_rooms, serial_shops, nicolae_shop_waterfront,
          hellmonk_ecumenical_altar_arch_garden, amcnicky_mini_corridor_feature
D:2:      layout_basic
D:3:      layout_rooms, nrook_mini_vaults
D:4:      layout_cave_pools, nicolae_gozag_seed_capital,
          nicolae_overflow_hidden_temple, serial_shops, shop,
          nicolae_shop_competitors_out_of_business, shop
D:5:      layout_basic, evilmike_ruin_ashenzari, uniq_blork_the_orc
D:6:      layout_cave_pools, grunt_temple_overflow_open,
          sigmund_edmund_badplayer

Skill      XL: |  1  2  3  4  5  6  7 |
---------------+----------------------+-----
Fighting       | 2 3 4 |  4.6
Throwing       | 2 |  2.3
Maces & Flails | 3 4 5 |  5.0
Armour         | 1 2 3 4 5 |  5.0
Dodging        | |  2.4

Action                   |  1- 3 |  4- 6 |  7- 9 || total
-------------------------+-------+-------+-------++-------
Melee: Flail             |   134 |   170 |    84 ||   388
       Tailslap          |    14 |    23 |     8 ||    45
       Punch             |     1 |     2 |     1 ||     4
  Use: Scroll            |       |     6 |     2 ||     8
       Potion            |       |     1 |       ||     1
Armor: Leather armour    |    58 |       |       ||    58
       Ring mail         |    23 |    96 |    57 ||   176
Dodge: Dodged            |    74 |    83 |    63 ||   220

Table legend: (Time is in decaauts)
 A = Elapsed time spent in this place.
 B = Non-inter-level travel time spent in this place.
 C = Inter-level travel time spent in this place.
 D = Time resting spent in this place.
 E = Time spent auto-exploring this place.
 F = Levels seen in this place.
 G = Mean time per level.
                   A        B        C        D        E       F      G
               +--------+--------+--------+--------+--------+-----+--------+
         Total |   4008 |   3881 |    127 |    625 |   2315 |   6 |  668.0 |
       Dungeon |   4008 |   3881 |    127 |    625 |   2315 |   6 |  668.0 |
               +--------+--------+--------+--------+--------+-----+--------+

Top non-repeatable levels by time:
     D:4: 1365 daAuts
     D:5: 912 daAuts
     D:1: 779 daAuts
     D:2: 536 daAuts
     D:3: 281 daAuts
     D:6: 133 daAuts
